 Dungeon Crawl Stone Soup version 0.24.0-13-gcf9b3192b9 (webtiles) character file.

Game seed: 3211418988850264049, levelgen mode: deterministic

213 Pocketmage the Slasher (level 5, -4/33 HPs)
             Began as a Tengu Berserker on Nov 9, 2019.
             Was a Believer of Trog.
             Slain by a river rat (7 damage)
             ... summoned by Eustachio
             ... on level 4 of the Dungeon.
             The game lasted 00:10:01 (3161 turns).

Pocketmage the Slasher (Tengu Berserker)            Turns: 3161, Time: 00:10:02

Health: -4/33      AC:  9    Str: 18    XL:     5   Next: 90%
Magic:  6/6        EV:  8    Int:  8    God:    Trog [**....]
Gold:   192        SH:  0    Dex: 13    Spells: 4/4 levels left

rFire    . . .     SeeInvis .   a - +0 falchion
rCold    . . .     Gourm    .   (no shield)
rNeg     . . .     Faith    .   i - +1 chain mail
rPois    .         Spirit   .   (helmet restricted)
rElec    .         Reflect  .   (no cloak)
rCorr    .         Harm     .   (no gloves)
MR       ++...                  (boots unavailable)
Stlth    ..........             (no amulet)
HPRegen  1.11/turn              (no ring)
MPRegen  0.10/turn              (no ring)

@: berserk cooldown, starving, regenerating, slowed, very slow
A: beak, talons 3, able to fly
a: Fly, Berserk, Trog's Hand, Renounce Religion


You were on level 4 of the Dungeon.
You worshipped Trog.
Trog was pleased with you.
You were starving.

You visited 1 branch of the dungeon, and saw 4 of its levels.

You collected 192 gold pieces.

Inventory:

Hand Weapons
 a - a +0 falchion (weapon)
Missiles
 h - a throwing net (quivered)
Armour
 b - a +0 animal skin
 i - a +1 chain mail (worn)
Jewellery
 m - an uncursed ring of protection from fire {unknown}
Wands
 n - a wand of acid (11)
Scrolls
 g - 3 scrolls of enchant armour
 j - a scroll of fog
 k - a scroll of identify
Potions
 d - a potion of ambrosia
 e - 3 potions of curing
 f - a potion of agility {unknown}
 l - a potion of degeneration {unknown}
 o - a potion of cancellation {unknown}
 p - a potion of magic
Comestibles
 c - 2 rations


   Skills:
 + Level 3.8 Fighting
 * Level 6.2 Long Blades
 - Level 2.1 Armour
 + Level 2.7 Dodging


You had 4 spell levels left.
You didn't know any spells.
Your spell library was empty.

Dungeon Overview and Level Annotations

Branches:
Dungeon (4/15)             Temple (0/1) D:4

Altars:
Elyvilon
Hepliaklqana
Qazlal
Ru
Sif Muna
Wu Jian

Annotations:
D:4 Eustachio


Innate Abilities, Weirdness & Mutations

You have a beak for a mouth.
You have claws for feet.
You can fly continuously.


Message History

You slash the rat!
You kill the rat!
The rat's corpse disappears in a puff of smoke!
The river rat bites you.
* * * LOW HITPOINT WARNING * * *
The river rat bites you.
* * * LOW HITPOINT WARNING * * *
The river rat bites you.
* * * LOW HITPOINT WARNING * * *
The river rat bites you but does no damage.
Okay, then.
Your skin crawls.
You feel resistant to hostile enchantments.
You feel somewhat more hungry.
You are starving!
The river rat bites you but does no damage.
Eustachio mumbles some strange words.
The river rat bites you but does no damage.
The river rat bites you!
You die...

+.......#........#..###
###.##.#...##..>..##...
##...##.##...#........#.
###..#.##.##...##...###..
.#.#.#.##.##[...#.###..
.# ...#......##.#..#.#...
# .###.....###....5...###
...#.....# ##>#r@#.#
<#.#.....# #..r@r.#
##.#...(.# #..##.## #
###.### #.....# ##.# #.#
##.#### ...###.#######.#
#####.......##.#
#####..####.##.#
#........##.##.#
..###..#.......#


You could see Eustachio, a crimson imp and 3 river rats.

Vanquished Creatures
  A crimson imp (D:3)
  Natasha (D:3)
  2 worker ants
  4 adders
  3 worms
  2 dart slugs (D:1)
  A leopard gecko (D:2)
  6 orcs (D:3)
  2 ball pythons
  5 bats
  3 giant cockroaches
  6 goblins
  3 hobgoblins
  4 jackals
  3 frilled lizards
  A jackal skeleton (D:4)
  4 kobolds
  5 rats
56 creatures vanquished.

Notes
Turn   | Place    | Note
-------+----------+-------------------------------------------
     0 | D:1      | Pocketmage the Tengu Berserker began the quest for the Orb.
     0 | D:1      | Reached XP level 1. HP: 14/14 MP: 2/2
   216 | D:1      | Reached XP level 2. HP: 18/19 MP: 3/3
   991 | D:2      | Reached skill level 4 in Long Blades
   991 | D:2      | Reached XP level 3. HP: 23/23 MP: 4/4
  1848 | D:2      | Reached XP level 4. HP: 28/28 MP: 5/5
  2135 | D:3      | Reached ** piety under Trog
  2358 | D:3      | Reached skill level 5 in Long Blades
  2374 | D:3      | Gained mutation: You can fly continuously. [Tengu growth]
  2374 | D:3      | Reached XP level 5. HP: 32/33 MP: 6/6
  2414 | D:3      | Found a white marble altar of Elyvilon.
  2415 | D:3      | Found a hazy altar of Hepliaklqana.
  2415 | D:3      | Found an ornate altar of the Wu Jian Council.
  2421 | D:3      | Found a shimmering blue altar of Sif Muna.
  2550 | D:3      | Noticed Natasha
  2562 | D:3      | Killed Natasha
  2608 | D:3      | Reached skill level 6 in Long Blades
  3021 | D:4      | Found a sacrificial altar of Ru.
  3030 | D:4      | Found a stormy altar of Qazlal.
  3077 | D:4      | Found a staircase to the Ecumenical Temple.
  3140 | D:4      | Noticed Eustachio
  3160 | D:4      | HP: 1/33 [river rat[Eustachio] (4)]
  3161 | D:4      | Slain by a river rat

Levels and vault maps discovered:
D:1:      dpeg_arrival_round_c, layout_basic
D:2:      layout_loops_ring
D:3:      layout_basic, chequers_temple_overflow_statue_of_worship, uniq_natasha
D:4:      layout_loops_cross, minitemple, minmay_temple_entry_slanted,
          first_ration, kennysheep_windowed_goal, uniq_eustachio

Skill      XL: |  1  2  3  4  5 |
---------------+----------------+-----
Long Blades    | 4 5 6 |  6.2
Fighting       | |  3.8
Armour         | |  2.1
Dodging        | |  2.7

Action                   |  1- 3 |  4- 6 || total
-------------------------+-------+-------++-------
Melee: Falchion          |    49 |    83 ||   132
       Peck              |    11 |    15 ||    26
       Kick              |     7 |    28 ||    35
Invok: Berserk           |     1 |     4 ||     5
       Trog's Hand       |       |     1 ||     1
  Use: Scroll            |       |     8 ||     8
       Potion            |       |     2 ||     2
  Eat: Chunk             |     3 |     7 ||    10
Armor: Animal skin       |     4 |       ||     4
       Chain mail        |    17 |    58 ||    75
Dodge: Dodged            |    22 |    39 ||    61
       Rpst.: Falchion   |     8 |    12 ||    20
